 Dungeon Crawl Stone Soup version 0.20.1-1-g8b1a95d (webtiles) character file.

10831 vatarom the Fighter (level 11, 0/120 HPs)
             Began as an Ogre Gladiator on Sept 19, 2017.
             Was an Elder of Okawaru.
             Succumbed to Sonja's poison
             ... on level 1 of the Lair of Beasts.
             The game lasted 00:22:41 (13930 turns).

vatarom the Fighter (Ogre Gladiator)               Turns: 13930, Time: 00:22:42

Health: 0/120      AC:  9    Str: 20    XL:     11   Next: 68%
Magic:  15/15      EV: 15    Int:  9    God:    Okawaru [****..]
Gold:   599        SH:  0    Dex: 17    Spells: 10/10 levels left

rFire    . . .     SeeInvis +   t - +1 giant spiked club
rCold    . . .     Gourm    .   (shield currently unavailable)
rNeg     + . .     Faith    .   q - +1 robe {rN+}
rPois    .         Spirit   .   c - +2 hat
rElec    .         Reflect  .   d - +2 cloak
rCorr    .         Harm     +   (gloves unavailable)
MR       +....                  (boots unavailable)
Stlth    +.........             v - amulet of harm
Regen    0.3/turn               k - +4 ring of dexterity
MPRegen  0.2/turn               z - ring of wizardry

@: confused, lethally poisoned (0 -> -76), finesse, slowed, very slow
A: unfitting armour, large bone plates 1, see invisible, sense surroundings 1,
tough skin 1
a: Heroism, Renounce Religion


You were on level 1 of the Lair of Beasts.
You worshipped Okawaru.
Okawaru was greatly pleased with you.
You were hungry.

You visited 3 branches of the dungeon, and saw 12 of its levels.

You collected 599 gold pieces.

Inventory:

Hand Weapons
 t - a +1 giant spiked club (weapon)
 E - the +1 eveningstar of Doer {freeze, rElec Int+4}
   (Okawaru gifted it to you on level 9 of the Dungeon)

   It has been specially enchanted to freeze those struck by it, causing extra
   injury to most foes and up to half again as much damage against particularly
   susceptible opponents.
   It can also slow down cold-blooded creatures.
   It affects your intelligence (+4).
   It insulates you from electricity.
Missiles
 x - 3 large rocks (quivered)
Armour
 c - a +2 hat (worn)
 d - a +2 cloak (worn)
 q - a +1 robe of positive energy (worn)
Jewellery
 k - a +4 ring of dexterity (left hand)
 v - an amulet of harm (around neck)
 z - a ring of wizardry (right hand)
Wands
 b - a wand of polymorph (24/24)
 h - a wand of digging (5/24)
 l - a wand of enslavement (12/24)
 u - a wand of random effects (25/48)
 B - a wand of polymorph (8/24)
 C - a wand of flame (17/48)
Scrolls
 a - a scroll of holy word
 j - 2 scrolls of enchant armour
 n - 5 scrolls of magic mapping
 o - 3 scrolls of remove curse
 r - 2 scrolls of amnesia
 s - a scroll of enchant weapon
 y - 2 scrolls of identify
Potions
 e - a potion of flight
 m - 3 potions of brilliance
Comestibles
 f - 4 bread rations
 g - 16 royal jellies
 i - 6 meat rations
 p - 10 fruits


   Skills:
 + Level 11.2 Fighting
 * Level 11.2 Maces & Flails
 - Level 5.4 Throwing
 + Level 7.9 Dodging
 + Level 5.3 Invocations


You had 10 spell levels left.
You didn't know any spells.

Dungeon Overview and Level Annotations

Branches:
Dungeon (10/15)            Temple (1/1) D:7            Lair (1/6) D:8
    Orc: D:9-12

Altars:
Ashenzari
Cheibriados
Dithmenos
Elyvilon
Fedhas
Gozag
Hepliaklqana
Kikubaaqudgha
Makhleb
Nemelex Xobeh
Okawaru
Qazlal
Ru
Sif Muna
Trog
Uskayaw
Vehumet
Xom
Yredelemnul
Zin
The Shining One

Annotations:
D:9 exclusions: ice statue and obsidian statue
Lair:1 Sonja


Innate Abilities, Weirdness & Mutations

You are too large for most types of armour.
You have tough skin. (AC +1)
You are partially covered in large bone plates. (SH +4)
You have supernaturally acute eyesight. (SInv)
You passively map a small area around you.


Message History

* * * LOW HITPOINT WARNING * * *
You feel extremely sick.
Sonja gestures wildly while chanting.
Sonja blinks!
Sonja unwields an uncursed dagger of venom.
It stops dripping with poison.
Sonja wields an uncursed blowgun.
Sonja shoots a curare-tipped needle.
The curare-tipped needle misses you.
* * * LOW HITPOINT WARNING * * *
You feel extremely sick.
Sonja mumbles some strange words.
Sonja blinks!
* * * LOW HITPOINT WARNING * * *
You feel extremely sick.
Sonja casts a spell.
Sonja blinks!
Throwing (i - inventory):
x - 4 large rocks (quivered)
Press: ? - help, Shift-Dir - straight line, f - Sonja
Aim: Sonja, wielding a blowgun (heavily wounded)
You throw a large rock.
You die...

...###.###......#+P##+#.
*
........................
,
........(...............
,
........(...............
.###.#(#####...........
, ##.#(.####...####.#.#
*#...(...##...####.##.
*, #.......##....#......
#...@...##..[##.....#
....(......##....#.....#
*
...#.......#P...##.....#
...........##..P##.....#
..##............P#......
* ., ####.####.. ##.####
##. *#K. ####.# , ,, , .
.., , .... * * * .#.#


You could see Sonja.

Vanquished Creatures
  2 two-headed ogres
  A queen ant (D:8)
  Pikel (D:8)
  A troll (D:9)
  The ghost of appiemonkey the Insei, an amateur MfTm of Xom (D:4)
  4 hippogriffs
  4 yaks (D:9)
  A wyvern (D:9)
  Grum (D:8)
  A hungry ghost (D:7)
  A steam dragon (D:8)
  Edmund (D:6)
  7 soldier ants
  A porcupine (Lair:1)
  2 sky beasts
  4 ice beasts
  A slave (D:8)
  A necrophage (D:9)
  3 orc warriors
  3 wolves (D:8)
  5 ogres
  2 centaurs (D:9)
  A crocodile (D:9)
  A big kobold (D:10)
  A wyvern zombie (D:9)
  7 bullfrogs
  2 water moccasin skeletons
  A scorpion (D:5)
  4 killer bees (D:9)
  5 wights (D:8)
  3 howler monkeys
  8 crimson imps
  A quasit (D:10)
  3 hounds
  6 jellies
  4 orc priests
  12 orc wizards
  2 bullfrog skeletons
  A centaur skeleton (D:9)
  2 iguanas
  33 worker ants
  A hound zombie (D:10)
  3 hound skeletons
  4 gnolls (D:8)
  10 adders
  2 shadow imps
  5 oozes (D:8)
  An adder skeleton (D:4)
  3 worms
  2 dart slugs (D:1)
  6 leopard geckos
  45 orcs
  5 bats
  7 giant cockroaches
  3 goblins
  10 hobgoblins
  7 jackals
  3 quokkas
  A ball python (D:1)
  7 frilled lizards
  12 kobolds
  A leopard gecko skeleton (D:4)
  9 rats
  A spectral orc (D:2)
293 creatures vanquished.

Vanquished Creatures (others)
  2 slaves (D:8)
  3 hounds
  An orc wizard (D:4)
6 creatures vanquished.

Grand Total: 299 creatures vanquished

Notes
Turn   | Place    | Note
-------+----------+-------------------------------------------
     0 | D:1      | vatarom the Ogre Gladiator began the quest for the Orb.
     0 | D:1      | Reached XP level 1. HP: 22/22 MP: 1/1
   171 | D:1      | Reached XP level 2. HP: 18/31 MP: 2/2
   796 | D:1      | Reached XP level 3. HP: 36/37 MP: 3/3
  1667 | D:2      | Found a basalt altar of Yredelemnul.
  1755 | D:2      | Reached XP level 4. HP: 39/48 MP: 4/4
  2323 | D:3      | Reached XP level 5. HP: 33/54 MP: 5/5
  2965 | D:4      | Found a shimmering altar of Xom.
  3002 | D:4      | Reached XP level 6. HP: 61/63 MP: 6/6
  3176 | D:4      | Reached skill level 5 in Fighting
  3321 | D:4      | Noticed appiemonkey's ghost (amateur MfTm)
  3335 | D:4      | Killed appiemonkey's ghost
  3335 | D:4      | Reached skill level 5 in Maces & Flails
  3335 | D:4      | Reached XP level 7. HP: 21/72 MP: 7/7
  3860 | D:5      | Entered Level 5 of the Dungeon
  4418 | D:5      | Reached XP level 8. HP: 50/83 MP: 8/8
  4817 | D:5      | Found a sparkling altar of Nemelex Xobeh.
  4837 | D:5      | Noticed a moth of wrath
  4840 | D:5      | Found a bloodstained altar of Trog.
  5056 | D:6      | Noticed Edmund
  5070 | D:6      | Killed Edmund
  5331 | D:6      | Reached skill level 5 in Dodging
  5629 | D:6      | Gained mutation: You are partially covered in large bone plates. (SH +4) [potion of mutation]
  5629 | D:6      | Gained mutation: You have supernaturally acute eyesight. (SInv) [potion of mutation]
  5629 | D:6      | Gained mutation: You passively map a small area around you. [potion of mutation]
  5682 | D:6      | Found a hide-covered altar of Uskayaw.
  5683 | D:6      | Found a hazy altar of Hepliaklqana.
  5787 | D:7      | Found a staircase to the Ecumenical Temple.
  5803 | Temple   | Entered the Ecumenical Temple
  5812 | Temple   | Became a worshipper of Warmaster Okawaru
  6241 | D:7      | Reached skill level 5 in Throwing
  6241 | D:7      | Reached XP level 9. HP: 93/93 MP: 9/9
  6997 | D:7      | Reached * piety under Okawaru
  7805 | D:8      | Reached ** piety under Okawaru
  7871 | D:7      | HP: 2/97 [soldier ant (8)]
  8254 | D:8      | Reached XP level 10. HP: 106/106 MP: 10/10
  8278 | D:8      | Noticed a queen ant
  9381 | D:8      | Killed a queen ant
  9381 | D:8      | Reached *** piety under Okawaru
  9381 | D:8      | Reached skill level 1 in Invocations
  9531 | D:8      | Found a staircase to the Lair.
  9754 | D:8      | Noticed Pikel
  9769 | D:8      | Killed Pikel
  9978 | D:8      | Noticed Grum
  9979 | D:8      | Noticed a two-headed ogre
  9991 | D:8      | Killed a two-headed ogre
  9991 | D:8      | Reached **** piety under Okawaru
  9991 | D:8      | Reached skill level 10 in Fighting
  9991 | D:8      | Reached skill level 10 in Maces & Flails
  9998 | D:8      | Killed Grum
 10359 | D:8      | Reached XP level 11. HP: 100/118 MP: 13/13
 10988 | D:9      | Noticed a two-headed ogre
 10999 | D:9      | Killed a two-headed ogre
 11265 | D:9      | Noticed Maurice
 11266 | D:9      | Noticed Maurice
 11266 | D:9      | Maurice changed into Maurice the crocodile
 11278 | D:9      | Killed Maurice the crocodile
 11357 | D:9      | Reached ***** piety under Okawaru
 11399 | D:9      | Noticed an obsidian statue
 11659 | D:9      | Received a gift from Okawaru
 11660 | D:9      | Got a slimy eveningstar {god gift}
 11661 | D:9      | Identified the +1 eveningstar of Doer {freeze, rElec Int+4} (Okawaru gifted it to you on level 9 of the Dungeon)
 12138 | D:9      | Got a brightly glowing bardiche
 12141 | D:9      | Identified the cursed +0 bardiche "Coizaz" {chop, rF+ rN+ MR+} (You found it on level 9 of the Dungeon)
 12624 | D:9      | Got a jewelled whip {flame}
 12625 | D:9      | Identified the cursed +1 whip "Banisher" {flame, Int+3} (You took it off a crimson imp on level 9 of the Dungeon)
 12826 | D:10     | Entered Level 10 of the Dungeon
 12993 | D:10     | Reached skill level 5 in Invocations
 13766 | Lair:1   | Entered Level 1 of the Lair of Beasts
 13915 | Lair:1   | Noticed Sonja
 13929 | Lair:1   | HP: 3/120 [poisoned by Sonja]
 13930 | Lair:1   | Succumbed to Sonja's poison

Skill      XL: |  1  2  3  4  5  6  7  8  9 10 11 |
---------------+----------------------------------+-----
Fighting       | 3 4 5 6 7 8 10 11 | 11.2
Maces & Flails | 3 4 5 7 8 10 11 | 11.2
Dodging        | 3 4 5 6 7 |  7.9
Throwing       | 3 4 5 |  5.4
Invocations    | 3 5 |  5.3

Action                   |  1- 3 |  4- 6 |  7- 9 | 10-12 || total
-------------------------+-------+-------+-------+-------++-------
Melee: Flail             |   139 |   178 |    50 |       ||   367
       Giant club        |       |       |    14 |       ||    14
       Giant spiked club |       |       |   214 |   239 ||   453
       Eveningstar       |       |       |       |   125 ||   125
Throw: Throwing net      |       |     6 |       |       ||     6
       Large rock        |       |       |     1 |     3 ||     4
Invok: Heroism           |       |       |       |     7 ||     7
       Finesse           |       |       |       |     1 ||     1
Evoke: Wand              |       |       |     2 |     3 ||     5
  Use: Potion            |     2 |     1 |     5 |     3 ||    11
       Scroll            |    11 |       |     9 |     3 ||    23
 Stab: Sleeping          |     1 |       |     2 |     3 ||     6
       Held in net/web   |       |     4 |       |       ||     4
       Distracted        |       |       |       |     1 ||     1
  Eat: Chunk             |     3 |     4 |     9 |    14 ||    30
       Bread ration      |       |     1 |     2 |       ||     3
Armor: Robe              |    64 |    49 |    86 |    99 ||   298
       Skin              |       |       |       |     5 ||     5
Dodge: Dodged            |   108 |    99 |   172 |   266 ||   645
Block: Other             |       |       |    30 |    69 ||    99
